 Dungeon Sprint DCSS version 0.24-a0-616-ge2a249a6fd (webtiles) character file.

Game seed: 4082853418778454181, levelgen mode: deterministic

24173 MordorOrchid the Brawler (level 12, -2/122 HPs)
             Began as a Troll Transmuter on Sept 14, 2019.
             Was the Champion of Sif Muna.
             Slain by a demonic crawler (13 damage)
             ... in the Dungeon (Sprint IX: "|||||||||||||||||||||||||||||").
             The game lasted 00:39:01 (2684 turns).

MordorOrchid the Brawler (Troll Transmuter)         Turns: 2684, Time: 00:39:01

Health: -2/122     AC: -3    Str: 21    XL:     12   Next: 78%
Magic:  20/24      EV: 15    Int: 13    God:    Sif Muna [******]
Gold:   22         SH:  0    Dex: 13    Spells: 0/29 levels left

rFire    + . .     SeeInvis .     - Unarmed
rCold    . . .     Gourm    +   (shield currently unavailable)
rNeg     . . .     Faith    .   C - +0 robe (curse)
rPois    +         Spirit   .   (helmet restricted)
rElec    .         Reflect  .   D - +2 cloak {+Inv}
rCorr    .         Harm     .   (gloves unavailable)
MR       +....     NoTele   +   (boots unavailable)
Stlth    +.........             (no amulet)
HPRegen  0.70/turn              E - ring of poison resistance
MPRegen  0.19/turn              K - ring "Xinu" {rF+ MR+ Dex+3}

@: blade hands (expiring), corroded, very slightly contaminated
A: large, unfitting armour, claws 3, fast metabolism 3, gourmand, regeneration
1, shaggy fur 1, tough skin 3
a: End Transformation, Channel Magic, Forget Spell, Divine Exegesis, Renounce
Religion, Evoke Invisibility


You were in the Dungeon.
You worshipped Sif Muna.
Sif Muna was exalted by your worship.
You were full.
You had blades for hands.
You visited 1 branch You collected 1911 gold pieces.
You spent 1889 gold pieces at shops.

Inventory:

Hand Weapons
 o - the +4 quarterstaff of Anger {protect, rC- Dex+4}
   (You found it in the Dungeon)

   It grants its wielder temporary protection when it strikes (+7 to AC).
   It affects your dexterity (+4).
   It makes you vulnerable to cold.
 p - a +2 rapier of electrocution
 q - a +2 scimitar of flaming
 u - the +8 battleaxe of the King {chop, +Rage rN+++ Int-3 Stlth-}
   (You found it in the Dungeon)

   It inflicts extra damage upon your enemies.
   It affects your intelligence (-3).
   It renders you almost immune to negative energy.
   It lets you go berserk.
   It makes you less stealthy.
 L - the +7 arbalest of Wunif {penet, *Corrode rC+ Str-2 Int+7}
   (You bought it in a shop in the Dungeon)

   Ammo fired by it will pass through the targets it hits, potentially hitting
   all targets in its path until it reaches maximum range.
   It affects your strength (-2).
   It affects your intelligence (+7).
   It protects you from cold.
   It may corrode you when you take damage.
Missiles
 a - 46 arrows
 c - 19 sling bullets
 B - 2 boomerangs (quivered)
 M - 16 bolts
Armour
 b - a +0 robe
 n - a +0 cloak
 C - a cursed +0 robe (worn)
 D - a +2 cloak of invisibility (worn)
Magical Staves
 x - an uncursed staff of energy
Jewellery
 r - a +3 ring of strength
 s - an uncursed ring of wizardry
 E - a ring of poison resistance (left scythe-like blade)
 F - an uncursed ring of see invisible
 G - an uncursed ring of protection from cold
 H - an uncursed ring of ice
 K - the ring "Xinu" (right scythe-like blade) {rF+ MR+ Dex+3}
   (You bought it in a shop in the Dungeon)

   [ring of protection from fire]

   It affects your dexterity (+3).
   It protects you from fire.
   It affects your resistance to hostile enchantments.
Wands
 m - a wand of iceblast (7)
Scrolls
 k - 5 scrolls of remove curse
 l - 3 scrolls of amnesia
 w - 3 scrolls of identify
 y - 2 scrolls of enchant armour
 z - 4 scrolls of enchant weapon
 J - a scroll of fog
Potions
 e - 7 potions of curing
 f - 2 potions of heal wounds
 g - 2 potions of haste
 h - 4 potions of magic
 i - 2 potions of brilliance
 j - a potion of flight {unknown}
 t - a potion of agility
 v - a potion of lignification
 A - a potion of mutation
Comestibles
 d - 13 rations


   Skills:
 - Level 8.5 Fighting
 - Level 9.5 Dodging
 - Level 15.6 Unarmed Combat
 - Level 9.4 Spellcasting
 - Level 3.0 Hexes
 - Level 2.4 Charms
 - Level 6.0 Summonings
 - Level 4.0 Necromancy
 * Level 8.7 Transmutations
 - Level 4.2 Ice Magic
 - Level 6.0 Air Magic
 * Level 3.7 Earth Magic
 - Level 2.0 Poison Magic
 - Level 7.2 Invocations
 - Level 7.0 Evocations


You couldn't memorise any spells.
You knew the following spells:

 Your Spells              Type           Power        Failure   Level  Hunger
a - Beastly Appendage     Tmut           ####..       10%         1    None
b - Spider Form           Tmut/Pois      ###.......   30%         3    ##.....
d - Ice Form              Ice/Tmut       ###.....     43%         4    ####...
e - Blade Hands           Tmut           ####......   43%         5    #####..
j - Summon Lightning Spi  Summ/Air       ###.....     45%         4    ####...
k - Regeneration          Chrm/Necr      ##........   45%         3    ##.....
s - Sticks to Snakes      Tmut           ####....     12%         2    None
y - Statue Form           Tmut/Erth      ###......    98%         6    #######
A - Confusing Touch       Hex            ##....       28%         1    None

Your spell library contained the following spells:

 Spells                   Type           Power        Failure   Level  Hunger
 Summon Small Mammal      Summ           ###.         16%         1    None
 Call Imp                 Summ           ###.....     19%         2    None
 Pain                     Necr           ###.         22%         1    None
 Sandblast                Erth           ###...       24%         1    None
 Swiftness                Chrm/Air       ###.....     26%         2    None
 Call Canine Familiar     Summ           ###.....     26%         3    ##.....
 Corona                   Hex            ##.....      28%         1    None
 Poisonous Vapours        Pois/Air       ###...       28%         2    None
 Ensorcelled Hibernation  Hex/Ice        ###...       30%         2    None
 Slow                     Hex            ##......     34%         2    None
 Summon Guardian Golem    Hex/Summ       ###.....     34%         3    ##.....
 Song of Slaying          Chrm           ##......     38%         2    None
 Sting                    Conj/Pois      #...         41%         1    None
 Throw Frost              Conj/Ice       ##....       41%         2    None
 Ozocubu's Armour         Chrm/Ice       ##......     43%         3    ##.....
 Confuse                  Hex            ##......     47%         3    ##.....
 Static Discharge         Conj/Air       ##......     47%         3    ##.....
 Tukima's Dance           Hex            ##......     47%         3    ##.....
 Flame Tongue             Conj/Fire      #....        50%         1    None
 Mephitic Cloud           Conj/Pois/Air  ##......     50%         3    ##.....
 Searing Ray              Conj           #.....       61%         2    None
 Dazzling Spray           Conj/Hex       ##....       61%         3    ##.....
 Portal Projectile        Hex/Tloc       ##....       61%         3    ##.....
 Leda's Liquefaction      Hex/Erth       ##........   71%         4    ####...
 Aura of Abjuration       Summ           ###.......   71%         5    #####..
 Gell's Gravitas          Tloc           #.........   77%         3    ##.....
 Summon Mana Viper        Hex/Summ       ###.....     85%         5    #####..
 Irradiate                Conj/Tmut      ###.......   87%         5    #####..
 Fulminant Prism          Conj/Hex       ##........   89%         4    ####...
 Agony                    Necr           ###.....     89%         5    #####..
 Excruciating Wounds      Chrm/Necr      ##........   94%         5    #####..
 Bolt of Magma            Conj/Fire/Erth #.........   99%         5    #####..
 Iskenderun's Battlesphe  Conj/Chrm      #.......     99%         5    #####..
 Venom Bolt               Conj/Pois      #.........   99%         5    #####..
 Fireball                 Conj/Fire      #.........   100%        5    #####..
 Darkness                 Hex            ##........   100%        6    #######
 Dispersal                Tloc           #.........   100%        6    #######
 Iron Shot                Conj/Erth      ##........   100%        6    #######
 Poison Arrow             Conj/Pois      #.........   100%        6    #######
 Haunt                    Necr/Summ      ###.......   100%        7    #######
 Monstrous Menagerie      Summ           ###.......   100%        7    #######
 Spellforged Servitor     Conj/Summ      ##........   100%        7    #######
 Summon Hydra             Summ           ###.......   100%        7    #######
 Death's Door             Chrm/Necr      ##........   100%        8    #######
 Summon Horrible Things   Summ           ###.......   100%        8    #######


Dungeon Overview and Level Annotations

Branches:
Dungeon (1/1)

Altars:
Cheibriados
Dithmenos
Elyvilon
Fedhas
Gozag
Hepliaklqana
Kikubaaqudgha
Makhleb
Nemelex Xobeh
Okawaru
Qazlal
Ru
Sif Muna
Trog
Uskayaw
Vehumet
Wu Jian
Xom
Yredelemnul
Zin
The Shining One
Beogh
Jiyva
Lugonu

Shops:
D [(=[


Innate Abilities, Weirdness & Mutations

You are too large for most types of armour.
You have claws for hands.
Your metabolism is lightning-fast.
You like to eat raw meat.
Your natural rate of healing is unusually fast.
You are covered in fur. (AC +1)
You have extremely tough skin. (AC +3)


Message History

You feel much better. The demonic crawler barely misses you.
The demonic crawler hits you.
* * * LOW HITPOINT WARNING * * *
The demonic crawler hits you!
* * * LOW HITPOINT WARNING * * *
Okay, then.
Unknown command.
Casting: Regeneration (slightly dangerous; 45% risk of failure)
Confirm with . or Enter, or press ? or * to list all spells.
You miscast Sticks to Snakes.
You feel a strange surge of energy!
Your transformation is almost over.
The demonic crawler closely misses you. The demonic crawler hits you!
* * * LOW HITPOINT WARNING * * *
The demonic crawler closely misses you.
Casting: Sticks to Snakes (safe; 12% risk of failure)
Confirm with . or Enter, or press ? or * to list all spells.
You create a snake!
You now have 46 arrows.
The demonic crawler hits you.
* * * LOW HITPOINT WARNING * * *
The demonic crawler misses you. The demonic crawler hits you!
You die...

)'....)).))))))'....).....)).▓
▓▓▓▓▓▓▓▓▓▓▓▓▓▓▓▓▓▓▓▓▓▓▓▓▓▓▓▓▓▓
............................8▓
▓▓▓▓▓▓▓▓▓▓▓▓▓▓▓▓▓▓▓▓▓▓▓▓▓▓▓▓.▓
[[[[[.)))))))).....'.........▓
▓▓▓▓▓▓▓▓▓▓▓▓▓▓▓▓▓▓▓▓▓▓▓▓▓▓▓▓▓▓
.)...........................▓
▓▓▓▓▓▓▓▓▓▓▓▓▓▓▓▓▓▓▓▓▓▓▓▓▓▓▓▓.▓
°....asss@S...........▓
▓▓▓▓▓▓▓▓▓▓▓▓▓▓▓▓▓▓▓▓▓▓▓


You could see an entropy weaver, 2 demonic crawlers, a wolf spider and a
friendly ball python.

Vanquished Creatures
  Rupert (D)
  Agnes (D)
  A very ugly thing (D)
  A spark wasp (D)
  An ettin (D)
  Josephine (D)
  An ice dragon (D)
  A centaur warrior (D)
  A hydra (D)
  9 orc high priests (D)
  3 orc knights (D)
  An ugly thing (D)
  Joseph (D)
  3 spiny frogs (D)
  A yaktaur (D)
  A troll (D)
  2 tyrant leeches (D)
  2 jumping spiders (D)
  A blink frog (D)
  2 redbacks (D)
  3 wraiths (D)
  2 yaks (D)
  3 wyverns (D)
  2 vampire mosquitoes (D)
  A water moccasin (D)
  2 porcupines (D)
  10 orc warriors (D)
  2 sky beasts (D)
  A necrophage (D)
  An ogre (D)
  A boggart (D)
  2 centaurs (D)
  2 crocodiles (D)
  13 bullfrogs (D)
  A crimson imp (D)
  A hound (D)
  9 orc priests (D)
  2 orc wizards (D)
  A gnoll (D)
  An adder (D)
  An adder skeleton (D)
  An adder zombie (D)
  A worm (D)
  2 orcs (D)
  A giant cockroach (D)
  A goblin (D)
  A bat (D)
  3 frilled lizards (D)
106 creatures vanquished.

Vanquished Creatures (collateral kills)
  A sphinx (shapeshifter) (D)
  A tengu conjurer (D)
  3 wraiths (D)
  An orc priest (D)
  3 orc wizards (D)
9 creatures vanquished.

Grand Total: 115 creatures vanquished

Notes
Turn   | Place    | Note
-------+----------+-------------------------------------------
     0 | D        | MordorOrchid the Troll Transmuter began the quest for the
                  | Orb.
     0 | D        | Reached XP level 1. HP: 18/18 MP: 1/1
    14 | D        | Reached skill level 4 in Unarmed Combat
    36 | D        | Noticed a hound
    36 | D        | Noticed a sky beast
    38 | D        | Reached skill level 1 in Fighting
    43 | D        | Reached XP level 2. HP: 20/27 MP: 0/3
    48 | D        | Killed a sky beast
    48 | D        | Reached skill level 6 in Unarmed Combat
    48 | D        | Reached XP level 3. HP: 27/36 MP: 0/5
    48 | D        | Reached XP level 4. HP: 33/44 MP: 0/6
    54 | D        | Reached XP level 5. HP: 31/53 MP: 1/7
    59 | D        | Found a roughly hewn altar of Beogh.
    59 | D        | Found a snail-covered altar of Cheibriados.
    59 | D        | Found a shadowy altar of Dithmenos.
    59 | D        | Found a white marble altar of Elyvilon.
    59 | D        | Found a blossoming altar of Fedhas.
    59 | D        | Found an opulent altar of Gozag.
    60 | D        | Found a hazy altar of Hepliaklqana.
    61 | D        | Found a viscous altar of Jiyva.
    62 | D        | Found an ancient bone altar of Kikubaaqudgha.
    63 | D        | Found a corrupted altar of Lugonu.
    64 | D        | Found a burning altar of Makhleb.
    65 | D        | Found a sparkling altar of Nemelex Xobeh.
    66 | D        | Found an iron altar of Okawaru.
    67 | D        | Found a stormy altar of Qazlal.
    68 | D        | Found a sacrificial altar of Ru.
    69 | D        | Found a shimmering blue altar of Sif Muna.
    70 | D        | Found a bloodstained altar of Trog.
    71 | D        | Found a hide-covered altar of Uskayaw.
    72 | D        | Found a radiant altar of Vehumet.
    73 | D        | Found an ornate altar of the Wu Jian Council.
    74 | D        | Found a shimmering altar of Xom.
    75 | D        | Found a basalt altar of Yredelemnul.
    76 | D        | Found a glowing silver altar of Zin.
    77 | D        | Found a glowing golden altar of the Shining One.
    79 | D        | Became a worshipper of Sif Muna the Loreminder
   106 | D        | Got the +4 quarterstaff of Anger {protect, rC- Dex+4}
   119 | D        | Noticed an orc warrior
   119 | D        | Noticed a yak
   119 | D        | Noticed a troll
   119 | D        | Noticed an ogre
   123 | D        | Killed an ogre
   123 | D        | Reached skill level 7 in Unarmed Combat
   123 | D        | Reached skill level 1 in Evocations
   132 | D        | Killed a troll
   132 | D        | Reached skill level 5 in Dodging
   132 | D        | Reached skill level 8 in Unarmed Combat
   132 | D        | Reached XP level 6. HP: 7/63 MP: 7/10
   189 | D        | Learned a level 2 spell: Sticks to Snakes
   193 | D        | Learned a level 3 spell: Spider Form
   198 | D        | Learned a level 4 spell: Ice Form
   213 | D        | Killed a yak
   213 | D        | Reached * piety under Sif Muna
   213 | D        | Reached skill level 9 in Unarmed Combat
   213 | D        | Reached skill level 1 in Ice Magic
   213 | D        | Reached skill level 1 in Poison Magic
   213 | D        | Reached XP level 7. HP: 70/71 MP: 6/11
   223 | D        | Reached ** piety under Sif Muna
   239 | D        | Noticed a wyvern
   239 | D        | Noticed a wyvern
   241 | D        | Killed a wyvern
   241 | D        | Reached skill level 5 in Fighting
   241 | D        | Reached skill level 5 in Transmutations
   242 | D        | Reached skill level 10 in Unarmed Combat
   246 | D        | Reached XP level 8. HP: 68/80 MP: 8/13
   250 | D        | Reached *** piety under Sif Muna
   363 | D        | Got the +8 battleaxe of the King {chop, +Rage rN+++ Int-3
                  | Stlth-}
   399 | D        | Noticed a spiny frog
   404 | D        | Reached **** piety under Sif Muna
   412 | D        | Killed a spiny frog
   412 | D        | Reached skill level 11 in Unarmed Combat
   412 | D        | Reached skill level 5 in Spellcasting
   412 | D        | Reached XP level 9. HP: 89/89 MP: 11/15
   421 | D        | Reached ***** piety under Sif Muna
   421 | D        | Identified Sif Muna's Reference Book on Supportive
                  | Necromancy (Sif Muna gifted it to you in the Dungeon)
   421 | D        | Received a gift from Sif Muna
   443 | D        | Learned a level 4 spell: Summon Lightning Spire
   458 | D        | Learned a level 3 spell: Regeneration
   478 | D        | Noticed an eight-headed hydra
   494 | D        | Killed an eight-headed hydra
   509 | D        | Received a gift from Sif Muna
   598 | D        | Noticed a spiny frog
   598 | D        | Noticed a spiny frog
   599 | D        | Noticed a tyrant leech
   603 | D        | Noticed a tyrant leech
   606 | D        | Killed a spiny frog
   606 | D        | Reached XP level 10. HP: 98/98 MP: 1/17
   609 | D        | Killed a spiny frog
   609 | D        | Reached skill level 5 in Summonings
   686 | D        | Identified Sif Muna's Papyrus of Excruciating Dislocation
                  | (Sif Muna gifted it to you in the Dungeon)
   686 | D        | Received a gift from Sif Muna
   686 | D        | Reached skill level 5 in Air Magic
   833 | D        | Reached skill level 1 in Invocations
   858 | D        | Noticed Josephine
   878 | D        | Killed Josephine
   878 | D        | Reached skill level 5 in Evocations
   913 | D        | Identified Sif Muna's Volume of Attacks (Sif Muna gifted it
                  | to you in the Dungeon)
   913 | D        | Received a gift from Sif Muna
  1006 | D        | Learned a level 5 spell: Blade Hands
  1023 | D        | Noticed an orc knight
  1030 | D        | Identified Sif Muna's Handbook of Beguiling (Sif Muna
                  | gifted it to you in the Dungeon)
  1030 | D        | Received a gift from Sif Muna
  1049 | D        | Killed an orc knight
  1088 | D        | Learned a level 1 spell: Confusing Touch
  1091 | D        | Noticed an orc high priest
  1091 | D        | Noticed an orc knight
  1125 | D        | Noticed a soul eater
  1146 | D        | Killed an orc knight
  1151 | D        | Identified Sif Muna's Papyrus of the Frostbite and Calling
                  | (Sif Muna gifted it to you in the Dungeon)
  1151 | D        | Received a gift from Sif Muna
  1152 | D        | Killed an orc high priest
  1152 | D        | Reached XP level 11. HP: 84/105 MP: 3/21
  1154 | D        | Reached skill level 12 in Unarmed Combat
  1154 | D        | Reached skill level 1 in Hexes
  1159 | D        | Reached ****** piety under Sif Muna
  1198 | D        | Noticed an orc knight
  1227 | D        | Killed an orc knight
  1290 | D        | Identified Winouwn's Reference Book on Toxins and Stones
                  | (Sif Muna gifted it to you in the Dungeon)
  1290 | D        | Received a gift from Sif Muna
  1304 | D        | Found Gaam's Armour Boutique.
  1304 | D        | Noticed an orc high priest
  1304 | D        | Noticed an orc high priest
  1306 | D        | Noticed an orc high priest
  1307 | D        | Noticed a soul eater
  1348 | D        | Killed an orc high priest
  1355 | D        | Noticed a soul eater
  1364 | D        | Killed an orc high priest
  1409 | D        | Noticed a sixfirhy
  1415 | D        | Killed an orc high priest
  1433 | D        | Found Asathrene's Jewellery Shop.
  1447 | D        | Identified Piygud's Almanac of Creative Darkness (Sif Muna
                  | gifted it to you in the Dungeon)
  1447 | D        | Received a gift from Sif Muna
  1451 | D        | Found Riutegg's Weapon Boutique.
  1451 | D        | Noticed an orc high priest
  1454 | D        | Found Duutuwish's Antique Armour Shop.
  1454 | D        | Noticed an orc high priest
  1462 | D        | Killed an orc high priest
  1467 | D        | Killed an orc high priest
  1467 | D        | Reached skill level 13 in Unarmed Combat
  1490 | D        | Noticed an orc high priest
  1506 | D        | Noticed an orc high priest
  1510 | D        | Noticed a soul eater
  1510 | D        | Noticed a soul eater
  1510 | D        | Killed an orc high priest
  1512 | D        | Noticed an orc high priest
  1514 | D        | Killed an orc high priest
  1518 | D        | Noticed a soul eater
  1540 | D        | Killed an orc high priest
  1540 | D        | Reached skill level 5 in Invocations
  1619 | D        | Bought an embroidered robe for 107 gold pieces
  1619 | D        | Bought a runed cloak for 217 gold pieces
  1695 | D        | Noticed Joseph
  1748 | D        | Killed Joseph
  1748 | D        | Identified Feytod's Volume of Augmentations (Sif Muna
                  | gifted it to you in the Dungeon)
  1748 | D        | Received a gift from Sif Muna
  2001 | D        | Bought the ring "Xinu" {rF+ MR+ Dex+3} for 439 gold pieces
  2004 | D        | Bought an uncursed ring of wizardry for 300 gold pieces
  2010 | D        | Bought the +7 arbalest of Wunif {penet, *Corrode rC+ Str-2
                  | Int+7} for 781 gold pieces
  2012 | D        | Bought a cursed ring of attention for 45 gold pieces
  2144 | D        | Noticed a centaur warrior
  2147 | D        | Killed a centaur warrior
  2152 | D        | Noticed a red ugly thing
  2168 | D        | Noticed a cyan very ugly thing
  2179 | D        | Noticed a satyr
  2180 | D        | Killed a purple ugly thing
  2180 | D        | Reached skill level 14 in Unarmed Combat
  2180 | D        | Reached XP level 12. HP: 80/118 MP: 11/23
  2181 | D        | a satyr changed into something unseen
  2182 | D        | Identified Bonlah's Catalogue of Creative Confrontation
                  | (Sif Muna gifted it to you in the Dungeon)
  2182 | D        | Received a gift from Sif Muna
  2183 | D        | Noticed a fire giant
  2187 | D        | Noticed a frost giant
  2187 | D        | a fire giant changed into a frost giant
  2190 | D        | Noticed an alligator snapping turtle
  2190 | D        | a frost giant changed into an alligator snapping turtle
  2191 | D        | Noticed an azure jelly
  2191 | D        | an alligator snapping turtle changed into an azure jelly
  2192 | D        | Killed a brown very ugly thing
  2192 | D        | Noticed a quicksilver dragon
  2192 | D        | an azure jelly changed into a quicksilver dragon
  2193 | D        | Noticed a death yak
  2193 | D        | a quicksilver dragon changed into a death yak
  2253 | D        | Noticed an iron giant
  2253 | D        | Noticed a shard shrike
  2253 | D        | an iron giant changed into a shard shrike
  2255 | D        | Noticed a juggernaut
  2255 | D        | a shard shrike changed into a juggernaut
  2260 | D        | Noticed a shard shrike
  2260 | D        | a juggernaut changed into a shard shrike
  2264 | D        | Noticed a juggernaut
  2264 | D        | a shard shrike changed into a juggernaut
  2266 | D        | Noticed a shard shrike
  2266 | D        | a juggernaut changed into a shard shrike
  2267 | D        | Noticed a golden dragon
  2267 | D        | a shard shrike changed into a golden dragon
  2272 | D        | Noticed a sphinx
  2272 | D        | a golden dragon changed into a sphinx
  2275 | D        | Noticed a dire elephant
  2275 | D        | a sphinx changed into a dire elephant
  2276 | D        | Noticed a fire giant
  2276 | D        | a dire elephant changed into a fire giant
  2288 | D        | Noticed a sphinx
  2288 | D        | a fire giant changed into a sphinx
  2289 | D        | Killed a sphinx
  2368 | D        | Noticed an ice dragon
  2378 | D        | Killed an ice dragon
  2408 | D        | Noticed an ettin
  2425 | D        | Killed an ettin
  2425 | D        | Reached skill level 15 in Unarmed Combat
  2461 | D        | Noticed Agnes
  2474 | D        | Killed Agnes
  2540 | D        | Noticed Rupert
  2564 | D        | Killed Rupert
  2649 | D        | Learned a level 6 spell: Statue Form
  2655 | D        | Noticed a spark wasp
  2665 | D        | Noticed an entropy weaver
  2666 | D        | Identified Sif Muna's Papyrus of Shifting Flight (Sif Muna
                  | gifted it to you in the Dungeon)
  2666 | D        | Received a gift from Sif Muna
  2666 | D        | Reached skill level 1 in Earth Magic
  2674 | D        | HP: 6/122 [spark wasp (12)]
  2675 | D        | Killed a spark wasp
  2679 | D        | HP: 5/122 [redback (17)]
  2684 | D        | Slain by a demonic crawler

Levels and vault maps discovered:
D:        linesprint [early_d, line_temple, items_1, d_10, items_2, lair_1,
          lair_end, items_3, orc_1, orc_end, items_4, d_15, swamp_1, shoals_1,
          snake_1, spider_1, d_20, vaults_1, items_5, swamp_end, shoals_end,
          snake_end, spider_end, vaults_end, d_27, items_6, zot_1, zot_end,
          crypt_end, forest_end, elf_end, slime_end, tomb_end, abyss_end,
          pan_hell_end]

Skill      XL: |  1  2  3  4  5  6  7  8  9 10 11 12 |
---------------+-------------------------------------+-----
Unarmed Combat | 4 6 8 9 10 11 14 15 | 15.6
Fighting       | 1 2 3 4 5 6 7 8 |  8.5
Dodging        | 2 3 5 6 7 8 9 |  9.5
Spellcasting   | 2 3 4 5 7 8 9 |  9.4
Transmutations | 2 3 4 5 6 7 8 |  8.7
Evocations     | 2 3 4 5 6 7 |  7.0
Ice Magic      | 1 2 3 4 |  4.2
Poison Magic   | 1 2 |  2.0
Charms         | 2 |  2.4
Summonings     | 4 5 6 |  6.0
Necromancy     | 4 |  4.0
Air Magic      | 4 5 6 |  6.0
Invocations    | 3 5 7 |  7.2
Hexes          | 3 |  3.0
Earth Magic    | 3 |  3.7

Action                   |  1- 3 |  4- 6 |  7- 9 | 10-12 || total
-------------------------+-------+-------+-------+-------++-------
Melee: Unarmed           |    21 |    24 |    68 |   245 ||   358
       Headbutt          |     2 |     4 |     3 |    22 ||    31
       Kick              |     1 |       |    10 |    52 ||    63
       Punch             |       |     1 |       |    15 ||    16
       Battleaxe         |       |       |    13 |    37 ||    50
Throw: Boomerang         |       |       |       |     2 ||     2
 Cast: Beastly Appendage |     2 |     2 |     6 |    25 ||    35
       Sticks to Snakes  |       |     2 |     5 |    11 ||    18
       Regeneration      |       |       |     5 |    56 ||    61
       Ice Form          |       |       |     2 |     1 ||     3
       Summon Lightning  |       |       |       |    21 ||    21
       Blade Hands       |       |       |       |     2 ||     2
       Confusing Touch   |       |       |       |     3 ||     3
Invok: Channel Magic     |       |       |       |    11 ||    11
 Abil: Evoke Berserk Rag |       |       |     1 |     4 ||     5
       End Transformatio |       |       |     1 |     2 ||     3
Evoke: Wand              |       |       |       |     3 ||     3
  Use: Potion            |     1 |     1 |       |     5 ||     7
       Scroll            |       |       |     1 |     1 ||     2
 Stab: Invisible         |       |     2 |       |       ||     2
       Distracted        |       |       |       |     4 ||     4
       Confused          |       |       |       |     1 ||     1
  Eat: Chunk             |     6 |     1 |     7 |    35 ||    49
Armor: Robe              |     1 |     6 |     7 |    34 ||    48
       Skin              |       |       |     2 |       ||     2
Dodge: Dodged            |    11 |    15 |    41 |   104 ||   171

Table legend:
 A = Non-vault XP
 B = Vault XP
 C = Vault XP percentage of total XP
 D = Non-vault monster count
 E = Vault monster count
 F = Vault count percentage of total count
                 A         B        C        D         E       F
            +---------+---------+-------+---------+---------+-------
      Total |       0 |   34533 | 100.0 |       0 |     115 | 100.0
            +---------+---------+-------+---------+---------+-------
          D |       0 |   34533 | 100.0 |       0 |     115 | 100.0
            +---------+---------+-------+---------+---------+-------
